 Dungeon Crawl Stone Soup version 0.23-a0-636-g0ff6057 (console) character file.

91 Duffy the Conjurer (level 4, -1/30 HPs)
             Began as a Demonspawn Fire Elementalist on Dec 28, 2018.
             Was a Follower of Vehumet.
             Engulfed by a cloud of flame (11 damage)
             ... on level 2 of the Dungeon.
             The game lasted 00:02:46 (2171 turns).

Duffy the Conjurer (Demonspawn Fire Elementalist)   Turns: 2171, Time: 00:02:47

Health: -1/30      AC:  4    Str:  8    XL:     4   Next: 33%
Magic:  2/7        EV: 12    Int: 17    God:    Vehumet [*.....]
Gold:   64         SH:  0    Dex: 14    Spells: 1/8 levels left

rFire    + . .     SeeInvis .   d - +0 spear
rCold    . . .     Gourm    .   (no shield)
rNeg     . . .     Faith    .   a - +0 robe
rPois    .         Spirit   .   (no helmet)
rElec    .         Reflect  .   (no cloak)
rCorr    .         Harm     .   (no gloves)
MR       .....                  (no boots)
Stlth    ++........             (no amulet)
HPRegen  0.10/turn              f - ring of protection from fire
MPRegen  0.10/turn              (no ring)

@: no status effects
A: talons 2, iridescent scales 1
a: Renounce Religion


You were on level 2 of the Dungeon.
You worshipped Vehumet.
Vehumet was aware of your devotion.
You were not hungry.

You visited 1 branch of the dungeon, and saw 3 of its levels.

You collected 64 gold pieces.

Inventory:

Hand Weapons
 d - a +0 spear (weapon)
Armour
 a - a +0 robe (worn)
Jewellery
 b - an uncursed ring of wizardry
 f - a ring of protection from fire (left hand)
Scrolls
 n - a scroll of fog
Potions
 j - a potion of magic
 k - a potion of lignification {unknown}
 l - a potion of heal wounds
 o - a potion of curing
Comestibles
 c - 5 rations
 h - 2 chunks of flesh


   Skills:
 - Level 1.7 Dodging
 - Level 1.7 Stealth
 + Level 2.5 Spellcasting
 + Level 3.4 Conjurations
 + Level 3.1 Fire Magic


You had one spell level left.
You knew the following spells:

 Your Spells              Type           Power        Failure   Level  Hunger
h - Flame Tongue          Conj/Fire      ##...        4%          1    #......
j - Inner Flame           Hex/Fire       #.......     28%         3    ###....
l - Conjure Flame         Conj/Fire      ##......     14%         3    ###....

Your spell library contained the following spells:

 Spells                   Type           Power        Failure   Level  Hunger
 Freeze                   Ice            #...         19%         1    #......
 Throw Flame              Conj/Fire      ##....       8%          2    ##.....
 Sticky Flame             Conj/Fire      ##......     43%         4    #####..
 Fireball                 Conj/Fire      ##........   80%         5    ######.


Dungeon Overview and Level Annotations

Branches:
Dungeon (3/15)

Altars:
Vehumet

Annotations:
D:3 Natasha


Innate Abilities, Weirdness & Mutations

You have razor-sharp toenails.
You are partially covered in iridescent scales. (AC +2)


Message History

You hit the giant cockroach.
The giant cockroach is severely wounded.
The giant cockroach bites you but does no damage.
You hit the giant cockroach but do no damage.
The giant cockroach is severely wounded.
The giant cockroach bites you but does no damage.
The giant cockroach barely misses you.
You hit the giant cockroach but do no damage.
Your kick misses the giant cockroach.
The giant cockroach is severely wounded.
The giant cockroach bites you but does no damage.
You hit the giant cockroach.
The giant cockroach explodes!
The fiery explosion engulfs you! You resist. Vehumet accepts your kill.
You are engulfed in blazing flames.
You resist.
You hear an angry hiss.
Unknown command.
You are engulfed in blazing flames.
You resist.
You die...

# #....# #..#
#...##########..#
#........(......# ....
.........## %. .>%
.######00# ##.####.#
#00#
.!....#.#########00#
......0.0......##00#
#####.#@####.#.##00#
.......0# #.#.##00#
..###.#.####.#.##..####
...................<
###.#.####.#.##..####
#.# #.#.##..# #$#
#.#.##.... #.#
#.#.##.#### #.#.##.#


There were no monsters in sight!

Vanquished Creatures
  3 adders
  A worm (D:2)
  2 dart slugs (D:1)
  4 leopard geckos
  4 orcs
  8 bats
  3 giant cockroaches
  2 goblins
  5 hobgoblins
  3 jackals (D:1)
  5 kobolds
  A quokka (D:2)
  2 frilled lizards
  3 rats
46 creatures vanquished.

Notes
Turn   | Place    | Note
-------+----------+-------------------------------------------
     0 | D:1      | Duffy the Demonspawn Fire Elementalist began the quest for
                  | the Orb.
     0 | D:1      | Reached XP level 1. HP: 13/13 MP: 3/3
   218 | D:1      | Gained mutation: You have sharp toenails. [demonic
                  | ancestry]
   218 | D:1      | Reached XP level 2. HP: 19/19 MP: 0/5
   551 | D:3      | Gained mutation: You are partially covered in iridescent
                  | scales. (AC +2) [demonic ancestry]
   551 | D:3      | Reached XP level 3. HP: 24/24 MP: 2/6
  1081 | D:3      | Noticed Natasha
  1136 | D:3      | Found a radiant altar of Vehumet.
  1144 | D:3      | Became a worshipper of Vehumet
  1203 | D:1      | Learned a level 3 spell: Conjure Flame
  1396 | D:1      | Gained mutation: You have razor-sharp toenails. [demonic
                  | ancestry]
  1396 | D:1      | Reached XP level 4. HP: 25/30 MP: 0/7
  2132 | D:2      | Reached * piety under Vehumet
  2132 | D:2      | Offered knowledge of Freeze by Vehumet.
  2137 | D:2      | Learned a level 3 spell: Inner Flame
  2171 | D:2      | Engulfed by a cloud of flame

Vault maps used:
D:1:      beargit_arrival_greenhouse, glass_columns_b, minmay_hexomino_f4
D:2:      ashenzari_altar_1, cheibriados_altar_1
D:3:      lemuel_upstairs_altar, old_standard_altar, uniq_natasha, uniq_ijyb

Skill      XL: |  1  2  3 |
---------------+----------+-----
Conjurations   | 2 3 |  3.4
Fire Magic     | 3 |  3.1
Dodging        | |  1.7
Stealth        | |  1.7
Spellcasting   | |  2.5

Action                   |  1- 3 |  4- 6 || total
-------------------------+-------+-------++-------
Melee: Spear             |    24 |     9 ||    33
       Kick              |     5 |     2 ||     7
 Cast: Flame Tongue      |    63 |    17 ||    80
       Inner Flame       |       |     2 ||     2
  Use: Scroll            |       |     7 ||     7
  Eat: Chunk             |     2 |     3 ||     5
Armor: Robe              |    20 |     5 ||    25
Dodge: Dodged            |    58 |    13 ||    71

Table legend:
 A = Non-vault XP
 B = Vault XP
 C = Vault XP percentage of total XP
 D = Non-vault monster count
 E = Vault monster count
 F = Vault count percentage of total count
                 A         B        C        D         E       F
            +---------+---------+-------+---------+---------+-------
      Total |     124 |       6 |   4.6 |      43 |       3 |   6.5
            +---------+---------+-------+---------+---------+-------
        D:1 |      41 |       6 |  12.8 |      20 |       3 |  13.0
        D:2 |      54 |       0 |   0.0 |      14 |       0 |   0.0
        D:3 |      29 |       0 |   0.0 |       9 |       0 |   0.0
            +---------+---------+-------+---------+---------+-------
